[Event "*** MasterClass Titled Tuesday Blitz"]
[Site "Chess.com"]
[Date "2017.12.05"]
[Round "1"]
[White "Quiet_Desperation"]
[Black "DRACO23"]
[Result "1-0"]
[WhiteElo "2346"]
[BlackElo "924"]
[TimeControl "180+2"]
[EndTime "14:16:22 PST"]
[Termination "Quiet_Desperation won by resignation"]

1. e4 e5 2. Nf3 Nc6 3. Bb5 d6 4. c3 Bd7 5. d4 a6 6. Ba4 b5 7. Bb3 Be6 8. d5 Bxd5 9. Qxd5 Qd7 10. Ng5 O-O-O 11. Nxf7 Nge7 12. Qe6 Qxe6 13. Bxe6+ 1-0

[Event "*** MasterClass Titled Tuesday Blitz"]
[Site "Chess.com"]
[Date "2017.12.05"]
[Round "1"]
[White "Caisachess"]
[Black "ScotchGameopening"]
[Result "1-0"]
[WhiteElo "2339"]
[BlackElo "800"]
[TimeControl "180+2"]
[EndTime "14:16:24 PST"]
[Termination "Caisachess won by resignation"]

1. e4 c5 2. c3 Nc6 3. d4 cxd4 4. cxd4 e6 5. Nf3 d5 6. exd5 exd5 7. Nc3 Nf6 8. h3 b6 9. Bb5 Bb7 10. Ne5 Qd6 11. Bf4 a6 12. Bxc6+ Bxc6 13. Ng6 1-0

[Event "*** MasterClass Titled Tuesday Blitz"]
[Site "Chess.com"]
[Date "2017.12.05"]
[Round "1"]
[White "jncool68"]
[Black "pbaglioni"]
[Result "1-0"]
[WhiteElo "2448"]
[BlackElo "1441"]
[TimeControl "180+2"]
[EndTime "14:16:28 PST"]
[Termination "jncool68 won by resignation"]

1. e4 e5 2. Nf3 d6 3. d4 Bg4 4. dxe5 Bxf3 5. Qxf3 dxe5 6. Bc4 Qf6 7. Qb3 b6 8. Nc3 Ne7 9. Nb5 Na6 10. O-O c6 11. Bxf7+ Qxf7 12. Nd6+ 1-0

[Event "*** MasterClass Titled Tuesday Blitz"]
[Site "Chess.com"]
[Date "2017.12.05"]
[Round "1"]
[White "AbdAlAgathos"]
[Black "yazid36"]
[Result "1-0"]
[WhiteElo "2311"]
[BlackElo "685"]
[TimeControl "180+2"]
[EndTime "14:16:33 PST"]
[Termination "AbdAlAgathos won by checkmate"]

1. e4 d6 2. d4 e5 3. Nf3 f6 4.
Bc4 d5 5. Bxd5 Nh6 6. dxe5 fxe5 7.
Nxe5 Bd6 8. Qh5+ g6 9. Nxg6 Rf8 10. Nxf8+ Kxf8 11. Bxh6+ Ke7 12. Qf7# 1-0

[Event "*** MasterClass Titled Tuesday Blitz"]
[Site "Chess.com"]
[Date "2017.12.05"]
[Round "1"]
[White "Cecile-Haussernot"]
[Black "decontodiego"]
[Result "1-0"]
[WhiteElo "2368"]
[BlackElo "1144"]
[TimeControl "180+2"]
[EndTime "14:16:46 PST"]
[Termination "Cecile-Haussernot won by checkmate"]

1. e4 d5 2. exd5 Qxd5 3. Nc3 Qd8 4. d4 Nf6 5. Bd3 Bg4 6. f3 Bd7 7. Nge2 e6 8. O-O Bb4 9. Bg5 Bxc3 10. Nxc3 O-O 11. Ne4 h6 12. Nxf6+ gxf6 13. Bxh6 Re8 14. Qe1 f5 15. Qg3+ Kh7 16. Qg7# 1-0

[Event "*** MasterClass Titled Tuesday Blitz"]
[Site "Chess.com"]
[Date "2017.12.05"]
[Round "1"]
[White "kleinebeer98"]
[Black "Ebnou1987"]
[Result "1-0"]
[WhiteElo "2465"]
[BlackElo "1545"]
[TimeControl "180+2"]
[EndTime "14:17:01 PST"]
[Termination "kleinebeer98 won by checkmate"]

1. e4 e5 2. Qh5 Nc6 3. Bc4 Qe7 4. Nc3 Nf6 5. Qd1 g6 6. d3 Bg7 7. Bg5 d6 8. Nd5 Qd8 9. Qf3 Nd4 10. Nxf6+ Kf8 11.
Nxh7+ Rxh7 12. Qxf7# 1-0

[Event "*** MasterClass Titled Tuesday Blitz"]
[Site "Chess.com"]
[Date "2017.12.05"]
[Round "1"]
[White "cobino21250"]
[Black "LawrenceTrent"]
[Result "0-1"]
[WhiteElo "1195"]
[BlackElo "2390"]
[TimeControl "180+2"]
[EndTime "14:17:15 PST"]
[Termination "LawrenceTrent won by resignation"]

1. d4 Nf6 2. Nf3 d5 3. Bf4 e6 4. e3 c5 5. Bd3 Nc6 6. dxc5 Bxc5 7. a3 O-O 8. b4 Bd6 9. O-O e5 10. Bg3 e4 11. Bxe4 Nxe4 12. c4 Nxg3 13. fxg3 dxc4 14. Qd5 Be6 15. Qd2 Ne5 16. Nxe5 Bxe5 17. Nc3 Qxd2 0-1

[Event "*** MasterClass Titled Tuesday Blitz"]
[Site "Chess.com"]
[Date "2017.12.05"]
[Round "1"]
[White "JanBargeman"]
[Black "Zenzo"]
[Result "0-1"]
[WhiteElo "1545"]
[BlackElo "2470"]
[TimeControl "180+2"]
[EndTime "14:17:19 PST"]
[Termination "Zenzo won by resignation"]

1. e4 e5 2. f4 exf4 3. Bc4 Ne7 4.
Nf3 d5 5. exd5 Nxd5 6. O-O Be7 7. d4 O-O 8. Bxd5 Qxd5 9. c4 Qxc4 10. Bxf4 Nc6 11. d5 Nb4 12. Bxc7 Qxc7 13. Nc3 Bg4 14. Rc1 Rac8 15. Qd4 Bc5 0-1

[Event "*** MasterClass Titled Tuesday Blitz"]
[Site "Chess.com"]
[Date "2017.12.05"]
[Round "1"]
[White "raphaelfioretti"]
[Black "Grebeniuk-S"]
[Result "0-1"]
[WhiteElo "1293"]
[BlackElo "2402"]
[TimeControl "180+2"]
[EndTime "14:17:25 PST"]
[Termination "Grebeniuk-S won by resignation"]

1. e4 c5 2. Nf3 g6 3. d4 cxd4 4. Nxd4 Bg7 5. Nc3 Nc6 6. Be3 Nf6 7. Nxc6 bxc6 8. Qd2 O-O 9. Bh6 Bxh6 10. Qxh6 Qa5 11.
Bd3 d6 12. O-O Rb8 13. Rab1 Ng4 14. Qg5 Qxg5 0-1

[Event "*** MasterClass Titled Tuesday Blitz"]
[Site "Chess.com"]
[Date "2017.12.05"]
[Round "1"]
[White "martin98ig"]
[Black "1e41-0"]
[Result "0-1"]
[WhiteElo "961"]
[BlackElo "2347"]
[TimeControl "180+2"]
[EndTime "14:17:32 PST"]
[Termination "1e41-0 won by checkmate"]

1. Nc3 e5 2. Nf3 Nc6 3. e4 Bc5 4. Bb5 a6 5. Bxc6 dxc6 6. O-O Bg4 7. d3 Nf6 8. Be3 Bd6 9. h3 Bh5 10. d4 exd4 11. Bxd4 c5 12. Bxf6 Qxf6 13. Qe2 Bxf3 14. gxf3 Qf4 15. Nd5 Qh2# 0-1

[Event "*** MasterClass Titled Tuesday Blitz"]
[Site "Chess.com"]
[Date "2017.12.05"]
[Round "1"]
[White "rochachess01"]
[Black "Swarnapuri"]
[Result "0-1"]
[WhiteElo "1323"]
[BlackElo "2412"]
[TimeControl "180+2"]
[EndTime "14:17:36 PST"]
[Termination "Swarnapuri won by checkmate"]

1. e4 Nc6 2. Nf3 d6 3. d4 Nf6 4. Nc3 Bg4 5. e5 dxe5 6. d5 Nd4 7. h3 Bxf3 8. gxf3 Nxd5 9. Be3 Nxe3 10. fxe3 Nf5 11. e4 Nd4 12. Qd2 Nxf3+ 13. Kd1 Qxd2# 0-1

[Event "*** MasterClass Titled Tuesday Blitz"]
[Site "Chess.com"]
[Date "2017.12.05"]
[Round "1"]
[White "ncdogan"]
[Black "ZABDIELBLANCO"]
[Result "1-0"]
[WhiteElo "2402"]
[BlackElo "1216"]
[TimeControl "180+2"]
[EndTime "14:17:45 PST"]
[Termination "ncdogan won by resignation"]

1. d4 c6 2. Nf3 d5 3. c4 e6 4. e3 b5 5. cxb5 cxb5 6. Bxb5+ Bd7 7. Bxd7+ Nxd7 8. O-O Bd6 9. Nc3 Ngf6 10. Bd2 O-O 11. Rc1 Qa5 12. Qe2 Rfc8 13. Nb5 Qb6 14.
Nxd6 Qxd6 15. Rxc8+ Rxc8 16. Rc1 Ne4 17. Rxc8+ Nf8 18. a3 Qd7 19. Qa6 h6 20. Bb4 Qe7 1-0

[Event "*** MasterClass Titled Tuesday Blitz"]
[Site "Chess.com"]
[Date "2017.12.05"]
[Round "1"]
[White "d4xaoc"]
[Black "Frolik67"]
[Result "0-1"]
[WhiteElo "1212"]
[BlackElo "2400"]
[TimeControl "180+2"]
[EndTime "14:17:45 PST"]
[Termination "Frolik67 won by checkmate"]

1. e4 e6 2. c3 d5 3. exd5 exd5 4. c4 Nf6 5. cxd5 Nxd5 6. Bc4 Be6 7. Bb5+ c6 8. Be2 Bd6 9. Nf3 O-O 10. O-O Nf4 11.
d4 Re8 12. Be3 Nd7 13. Nc3 Nb6 14. Ne5 Ng6 15. f4 Bd5 16. Nxd5 Nxd5 17. Nxg6 Nxe3 18. Qd2 hxg6 19. Rf2 Qf6 20. Bd3 Rad8 21. Re1 Qxd4 22. f5 Bc5 23. Kh1 Ng4 24. Rfe2 Rxe2 25. Qxe2 Nf2+ 26.
Kg1 Nxd3+ 27. Kf1 Qg1# 0-1

[Event "*** MasterClass Titled Tuesday Blitz"]
[Site "Chess.com"]
[Date "2017.12.05"]
[Round "1"]
[White "NF31415926"]
[Black "jjosu"]
[Result "0-1"]
[WhiteElo "1999"]
[BlackElo "2513"]
[TimeControl "180+2"]
[EndTime "14:17:46 PST"]
[Termination "jjosu won by resignation"]

1. e4 e5 2. Nf3 Nc6 3. Bc4 Nf6 4. Ng5 d5 5. exd5 Na5 6. Bb5+ c6 7. dxc6 bxc6 8.
Qf3 Be7 9. d3 O-O 10. Ba4 h6 11. Ne4 Nd5 12. Bb3 Nxb3 13. axb3 f5 14. Nec3 Nb4 15.
Na3 Bb7 16. Qe2 Bd6 17. Bd2 Bc7 18. O-O c5 19. Nd1 Qd5 20. Ne3 Qd7 21. Bxb4 cxb4 22. Nac4 a5 23. Kh1 f4 24. Nd1 f3 25. Qe3 fxg2+ 26.
Kg1 gxf1=Q+ 27. Kxf1 Qg4 28. Nxe5 Qg2+ 29. Ke1 Bxe5 0-1

[Event "*** MasterClass Titled Tuesday Blitz"]
[Site "Chess.com"]
[Date "2017.12.05"]
[Round "1"]
[White "MMichael"]
[Black "Salem-AR"]
[Result "0-1"]
[WhiteElo "2304"]
[BlackElo "2812"]
[TimeControl "180+2"]
[EndTime "14:17:48 PST"]
[Termination "Salem-AR won by resignation"]

1. d4 Nf6 2. c4 g6 3. f3 c5 4. d5 Bg7 5. e4 d6 6. Nc3 e6 7. Bd3 exd5 8. cxd5 a6 9. a4 Nbd7 10.
Nge2 Ne5 11. O-O O-O 12. Bf4 Nxd3 13. Qxd3 Nh5 14. Bd2 f5 15. Ng3 Bd4+ 16. Kh1 Nxg3+ 17. hxg3 f4 18. Be1 Qg5 19. Bf2 Qh6+ 20. Kg1 fxg3 0-1

[Event "*** MasterClass Titled Tuesday Blitz"]
[Site "Chess.com"]
[Date "2017.12.05"]
[Round "1"]
[White "valmi"]
[Black "jcgs1030"]
[Result "0-1"]
[WhiteElo "780"]
[BlackElo "2316"]
[TimeControl "180+2"]
[EndTime "14:18:08 PST"]
[Termination "jcgs1030 won by checkmate"]

1. e3 e5 2. g3 d5 3. c3 Nf6 4. Qa4+ Nc6 5. Bg2 Be6 6. b3 a6 7. a3 b5 8. Qh4 h6 9. g4 Nxg4 10. Qxd8+ Rxd8 11. f3 Nf6 12. Ne2 d4 13. exd4 exd4 14.
cxd4 Nxd4 15. Nxd4 Rxd4 16. Bf1 Bxb3 17. Nc3 Bc5 18. Rb1 Bc2 19. Rb2 Bf5 20. Ne2 Rd6 21.
Rb3 O-O 22. Bb2 Re8 23. Kd1 c6 24. Rg1 Bxg1 25. Nxg1 Nd5 26. h4 Nf4 27. Kc1 Re1# 0-1

[Event "*** MasterClass Titled Tuesday Blitz"]
[Site "Chess.com"]
[Date "2017.12.05"]
[Round "1"]
[White "josiwales"]
[Black "FGFS"]
[Result "1-0"]
[WhiteElo "2351"]
[BlackElo "979"]
[TimeControl "180+2"]
[EndTime "14:18:11 PST"]
[Termination "josiwales won by resignation"]

1. e4 e5 2. Nf3 Nc6 3. Bc4 h6 4. d4 exd4 5. Nxd4 Nf6 6. Nc3 Bb4 7. O-O O-O 8. Nf5 d6 9. Qf3 Bxf5 10. Qxf5 Ne7 11.
Qh3 c6 12. Bf4 d5 13. Rad1 Bd6 14. e5 dxc4 15. Rxd6 Qe8 16. exf6 gxf6 17. Qxh6 Ng6 18. Rxf6 Qe6 19. Rxe6 1-0

[Event "*** MasterClass Titled Tuesday Blitz"]
[Site "Chess.com"]
[Date "2017.12.05"]
[Round "1"]
[White "MartinZumsande"]
[Black "JohnHS"]
[Result "1-0"]
[WhiteElo "2441"]
[BlackElo "1431"]
[TimeControl "180+2"]
[EndTime "14:18:19 PST"]
[Termination "MartinZumsande won by checkmate"]

1. e4 d5 2. exd5 Qxd5 3. Nf3 Qe4+ 4. Be2 Bg4 5. O-O Bxf3 6. Bxf3 Qb4 7. d4 Nf6 8. a3 Qd6 9. Bxb7 Nc6 10. Bxa8 e6 11.
d5 exd5 12. Re1+ Be7 13. Bxc6+ Qxc6 14. Nc3 Qd7 15. Bg5 c6 16. Bxf6 gxf6 17. Qh5 Kf8 18.
Qh6+ Ke8 19. Re2 Kd8 20. Rae1 Bd6 21. Qxf6+ Kc7 22. Qxh8 Qd8 23. Qxd8+ Kxd8 24. Re8+ Kd7 25. Ra8 Bc5 26. Na4 Bb6 27. Nxb6+ axb6 28. Ra7+ Kd6 29.
b4 b5 30. Ree7 c5 31. Rad7+ Kc6 32. c3 cxb4 33. axb4 f5 34. Ra7 h5 35. Re6# 1-0

[Event "*** MasterClass Titled Tuesday Blitz"]
[Site "Chess.com"]
[Date "2017.12.05"]
[Round "1"]
[White "platy3"]
[Black "fox3ezrail"]
[Result "1-0"]
[WhiteElo "2510"]
[BlackElo "1963"]
[TimeControl "180+2"]
[EndTime "14:18:23 PST"]
[Termination "platy3 won by checkmate"]

1. e4 e5 2. Nf3 Nc6 3. Bb5 a6 4. Ba4 d6 5. O-O b5 6. Bb3 Nf6 7. Ng5 Be6 8. Bxe6 fxe6 9. Nxe6 Qe7 10. Nxf8 Rxf8 11. d3 O-O-O 12. a4 Kd7 13. axb5 axb5 14. Nc3 b4 15. Nd5 Nxd5 16. exd5 Nd4 17. Qg4+ Ke8 18. c3 bxc3 19. bxc3 Nb3 20. Qa4+ Kf7 21. Qxb3 Kg8 22. Be3 Qh4 23. Qc4 Rf7 24. Qxh4 Rdf8 25. Ra7 Kh8 26. Qc4 Rc8 27. f4 exf4 28. Rxf4 Rxf4 29. Qxc7 Rcf8 30. Qxg7# 1-0

[Event "*** MasterClass Titled Tuesday Blitz"]
[Site "Chess.com"]
[Date "2017.12.05"]
[Round "1"]
[White "robbykevlishvili"]
[Black "zzzombie"]
[Result "1-0"]
[WhiteElo "2376"]
[BlackElo "1187"]
[TimeControl "180+2"]
[EndTime "14:18:23 PST"]
[Termination "robbykevlishvili won by checkmate"]

1. e4 e5 2. Nf3 Nc6 3. Bb5 a6 4.
Ba4 Nf6 5. d3 h6 6. Bxc6 dxc6 7.
Nxe5 Bc5 8. Nf3 Bxf2+ 9. Kxf2 Ng4+ 10. Kg1 Nf6 11. Kf2 Bg4 12. Re1 Bxf3 13. Qxf3 O-O 14.
Nc3 b5 15. Kg1 Qd6 16. Ne2 h5 17. Ng3 h4 18. Nf5 Qe5 19. c3 g6 20. d4 Qe8 21.
Nxh4 Kg7 22. Bh6+ Kg8 23. Qxf6 Qe6 24. Qg7# 1-0

[Event "*** MasterClass Titled Tuesday Blitz"]
[Site "Chess.com"]
[Date "2017.12.05"]
[Round "1"]
[White "Th3ChessViking"]
[Black "avinashkishun"]
[Result "1-0"]
[WhiteElo "2358"]
[BlackElo "1031"]
[TimeControl "180+2"]
[EndTime "14:18:28 PST"]
[Termination "Th3ChessViking won by resignation"]

1. c4 c5 2. g3 d6 3. Bg2 g6 4.
Nc3 Bg7 5. d3 Nc6 6. Bf4 e5 7.
Bd2 Nf6 8. Nf3 O-O 9. O-O Bg4 10.
Bg5 h6 11. Bxf6 Qxf6 12. Ne1 Rab8 13. Nc2 Nd4 14. Ne3 Be6 15. Ned5 Bxd5 16. Nxd5 a6 17. Nxf6+ Bxf6 18. e3 Nf5 19. Qf3 e4 20. dxe4 Bxb2 21. exf5 Bxa1 22. Rxa1 gxf5 23. Qxf5 Rbe8 24. Be4 1-0

[Event "*** MasterClass Titled Tuesday Blitz"]
[Site "Chess.com"]
[Date "2017.12.05"]
[Round "1"]
[White "Danslesprit69"]
[Black "nubair1198"]
[Result "0-1"]
[WhiteElo "1773"]
[BlackElo "2500"]
[TimeControl "180+2"]
[EndTime "14:18:48 PST"]
[Termination "nubair1198 won by checkmate"]

1. f3 d5 2. Kf2 g6 3. g3 Bg7 4.
Bg2 c5 5. c3 Nc6 6. e3 e5 7.
Ne2 Nge7 8. d4 O-O 9. Rf1 b6 10. dxe5 Nxe5 11. Kg1 Ba6 12. Nd2 Re8 13. Re1 Nd3 14.
Rf1 Nf5 15. Nf4 Nxe3 16. Qb3 Nxf4 17. gxf4 Nxg2 18. Kxg2 Re2+ 19. Kg1 Qh4 20. Qd1 Qxh2# 0-1

[Event "*** MasterClass Titled Tuesday Blitz"]
[Site "Chess.com"]
[Date "2017.12.05"]
[Round "1"]
[White "ivantorresflores"]
[Black "Angry_Serb"]
[Result "0-1"]
[WhiteElo "1124"]
[BlackElo "2364"]
[TimeControl "180+2"]
[EndTime "14:18:52 PST"]
[Termination "Angry_Serb won by resignation"]

1. e4 c5 2. Nf3 d6 3. Nc3 Nf6 4. Bc4 e6 5. d3 Be7 6. Qe2 Nc6 7. h3 O-O 8. a3 Rb8 9. Bg5 a6 10. e5 dxe5 11. Nxe5 Nd4 12. Qd2 b5 13. Bxf6 Bxf6 14.
f4 Bxe5 15. fxe5 bxc4 16. dxc4 Rxb2 17. Rc1 Qh4+ 18. g3 Qxg3+ 19. Kd1 Qf3+ 20. Ne2 Qxh1+ 0-1

[Event "*** MasterClass Titled Tuesday Blitz"]
[Site "Chess.com"]
[Date "2017.12.05"]
[Round "1"]
[White "nonsoderrick"]
[Black "cheese111"]
[Result "0-1"]
[WhiteElo "1226"]
[BlackElo "2402"]
[TimeControl "180+2"]
[EndTime "14:18:55 PST"]
[Termination "cheese111 won by resignation"]

1. d4 d5 2. e3 Nf6 3. Nf3 e6 4. c3 c5 5. dxc5 Bxc5 6. b4 Be7 7. Bb2 O-O 8. a3 a5 9. Nbd2 Qc7 10. Ng5 Nc6 11. Bd3 e5 12. b5 Nb8 13. c4 Bg4 14.
Ngf3 e4 15. Be5 Qd8 16. Bxb8 Rxb8 17. h3 Be6 18. cxd5 Bxd5 19. Bxe4 Nxe4 20. Nxe4 Bxe4 21.
Qxd8 Rfxd8 22. O-O Bxf3 23. gxf3 a4 24. Rfd1 Rxd1+ 25. Rxd1 b6 26. Rd7 Bxa3 27. Rd4 Ra8 28. Rc4 Bc5 29. e4 a3 30. Rxc5 bxc5 0-1

[Event "*** MasterClass Titled Tuesday Blitz"]
[Site "Chess.com"]
[Date "2017.12.05"]
[Round "1"]
[White "GrigorGrigorov"]
[Black "Colombiano07"]
[Result "1-0"]
[WhiteElo "2602"]
[BlackElo "2200"]
[TimeControl "180+2"]
[EndTime "14:18:57 PST"]
[Termination "GrigorGrigorov won by resignation"]

1. d4 d5 2. c4 Bf5 3. cxd5 Bxb1 4. Qa4+ c6 5. Rxb1 Qxd5 6. Nf3 Nf6 7. e3 e6 8. Be2 Nbd7 9. O-O Be7 10. b4 O-O 11.
Qc2 a6 12. a4 Rac8 13. Rd1 Rfd8 14. Bd2 Nf8 15. Ne5 Ng6 16. Nc4 Rb8 17. Bf3 Qf5 18. e4 1-0

[Event "*** MasterClass Titled Tuesday Blitz"]
[Site "Chess.com"]
[Date "2017.12.05"]
[Round "1"]
[White "alper1979"]
[Black "LastHeroJr"]
[Result "0-1"]
[WhiteElo "1327"]
[BlackElo "2415"]
[TimeControl "180+2"]
[EndTime "14:19:05 PST"]
[Termination "LastHeroJr won by resignation"]

1. d4 Nf6 2. Nc3 g6 3. e4 d6 4. f4 Bg7 5. Nf3 O-O 6. Bd3 Nc6 7. Be3 e5 8. f5 exd4 9. Nxd4 d5 10. e5 Nxe5 11. fxg6 c5 12. gxh7+ Kh8 13. Nf5 Bxf5 14. Bxf5 d4 15. Bxd4 cxd4 16. Ne4 Nxe4 17. Bxe4 Qh4+ 18. Kd2 0-1

[Event "*** MasterClass Titled Tuesday Blitz"]
[Site "Chess.com"]
[Date "2017.12.05"]
[Round "1"]
[White "Hunninn"]
[Black "CAMIRIX"]
[Result "1-0"]
[WhiteElo "2410"]
[BlackElo "1319"]
[TimeControl "180+2"]
[EndTime "14:19:20 PST"]
[Termination "Hunninn won by resignation"]

1. d4 e6 2. Nf3 d5 3. Bg5 Be7 4. h4 f6 5. Bf4 Nc6 6. e3 Bd7 7. c3 f5 8. Ne5 Nf6 9. Nd2 O-O 10. Bd3 Bd6 11. Bg3 a6 12. f4 Ne4 13. Bxe4 dxe4 14. Qb3 Bc8 15. Nxc6 bxc6 16. Qc4 Bd7 17. h5 h6 18. Bh4 Be7 19. Bxe7 Qxe7 20. Nb3 Be8 21. Kf2 Bf7 22. Qxc6 Qd8 23. Nc5 Re8 24. Rad1 Qb8 25.
b3 a5 26. Nd7 Qd8 27. Ne5 Rf8 28. d5 Qe7 29. d6 cxd6 30. Qxd6 Qxd6 31. Rxd6 Rad8 32.
Rhd1 Bxh5 33. Rxd8 Rxd8 34. Rxd8+ Kh7 35. b4 axb4 36.
cxb4 Bd1 37. b5 Ba4 38. b6 Bc2 1-0

[Event "*** MasterClass Titled Tuesday Blitz"]
[Site "Chess.com"]
[Date "2017.12.05"]
[Round "1"]
[White "GMBenjaminBok"]
[Black "lucasmito"]
[Result "1-0"]
[WhiteElo "2597"]
[BlackElo "2189"]
[TimeControl "180+2"]
[EndTime "14:19:28 PST"]
[Termination "GMBenjaminBok won by resignation"]

1. Nf3 Nf6 2. g3 g6 3. Bg2 Bg7 4. c4 O-O 5. Nc3 c6 6. d4 d5 7.
cxd5 cxd5 8. Ne5 Nc6 9. O-O e6 10. Bf4 Nd7 11. Nxc6 bxc6 12. Bd6 Re8 13. e3 Ba6 14.
Re1 Rc8 15. Na4 Bf8 16. Bxf8 Rxf8 17. Rc1 Qa5 18. a3 c5 19. dxc5 Nxc5 20. Rxc5 Rxc5 21. b4 Qc7 22. Nxc5 Bc4 23. Bf1 Bxf1 24. Rxf1 a5 25. Qd4 axb4 26. axb4 Rb8 27. Rb1 Rb5 28. h4 h5 29. Ra1 Qb6 30. Ra8+ 1-0

[Event "*** MasterClass Titled Tuesday Blitz"]
[Site "Chess.com"]
[Date "2017.12.05"]
[Round "1"]
[White "hermionegrangermagic"]
[Black "fredjust"]
[Result "1-0"]
[WhiteElo "2415"]
[BlackElo "1322"]
[TimeControl "180+2"]
[EndTime "14:19:31 PST"]
[Termination "hermionegrangermagic won by checkmate"]

1. e4 b6 2. d4 Bb7 3. Nc3 e6 4. h4 Bb4 5. Bd3 Nf6 6. Qe2 d5 7. e5 Ne4 8. Bd2 Nxd2 9. Qxd2 c5 10. a3 cxd4 11. axb4 dxc3 12. bxc3 O-O 13. h5 d4 14. Nf3 dxc3 15. Qf4 f6 16. h6 fxe5 17. Qxe5 Qf6 18. hxg7 Qxe5+ 19. Nxe5 Bxg2 20. gxf8=Q+ Kxf8 21. Rxh7 Bd5 22. O-O-O Nc6 23. Rf7+ Ke8 24. Rg1 Ne7 25. Rgg7 Kd8 26.
Rxe7 Kc8 27. Re8# 1-0

[Event "*** MasterClass Titled Tuesday Blitz"]
[Site "Chess.com"]
[Date "2017.12.05"]
[Round "1"]
[White "ChessMavenYeti"]
[Black "tango_argentino"]
[Result "0-1"]
[WhiteElo "2053"]
[BlackElo "2521"]
[TimeControl "180+2"]
[EndTime "14:19:35 PST"]
[Termination "tango_argentino won by resignation"]

1. Nf3 g6 2. g3 Bg7 3. Bg2 d6 4. c4 Nd7 5. Nc3 e5 6. b3 Nh6 7.
Bb2 O-O 8. Rc1 f5 9. d3 c6 10. d4 e4 11. Ng1 Nf6 12. e3 Nf7 13. Nge2 Qe7 14. Qc2 a5 15. Na4 Ra6 16. c5 d5 17.
Nb6 Be6 18. Kd2 Ng4 19. Rcf1 Ng5 20. h3 Nf6 21. Nf4 Bf7 22. a4 Nf3+ 23. Kc1 g5 24.
Ne2 Bg6 25. h4 h6 26. hxg5 hxg5 27. Kb1 Nd7 28. Nxd7 Qxd7 29. Ng1 b5 30. Nxf3 exf3 31. Bxf3 f4 32. gxf4 Bxc2+ 0-1

[Event "*** MasterClass Titled Tuesday Blitz"]
[Site "Chess.com"]
[Date "2017.12.05"]
[Round "1"]
[White "TheBigBoss04"]
[Black "Jamaladam12200620"]
[Result "1-0"]
[WhiteElo "2511"]
[BlackElo "1965"]
[TimeControl "180+2"]
[EndTime "14:19:41 PST"]
[Termination "TheBigBoss04 won by resignation"]

1. d4 Nf6 2. c4 e6 3. Nc3 d5 4.
cxd5 exd5 5. Bg5 c6 6. Qc2 Nbd7 7. e3 Bd6 8. Bd3 O-O 9. Nge2 h6 10. Bh4 Re8 11. O-O Nf8 12. Rad1 Bg4 13. f3 Rxe3 14.
fxg4 Bxh2+ 15. Kh1 Bc7 16. Bxf6 gxf6 17. Qd2 Qd6 18. g3 Rae8 19. Rf2 Qe6 20. Bf5 Qd6 21. Rdf1 b5 22. Nd1 Rxg3 23. Nxg3 Qxg3 24. Qxh6 Re3 25. Nxe3 1-0

[Event "*** MasterClass Titled Tuesday Blitz"]
[Site "Chess.com"]
[Date "2017.12.05"]
[Round "1"]
[White "Clash9"]
[Black "Hanging_pointer"]
[Result "0-1"]
[WhiteElo "486"]
[BlackElo "2307"]
[TimeControl "180+2"]
[EndTime "14:19:45 PST"]
[Termination "Hanging_pointer won by checkmate"]

1. e4 c5 2. Qh5 e6 3. Nh3 Nf6 4. Qf3 Nc6 5. Nc3 Nd4 6. Qd3 d6 7. b4 Be7 8. bxc5 dxc5 9. Rb1 O-O 10. Qg3 Nxc2+ 11. Kd1 Nd4 12. d3 c4 13. Bh6 g6 14. Bxf8 Bxf8 15. e5 Nh5 16. Ng5 Nxg3 17. hxg3 Qxg5 18. Be2 Nxe2 19. Kxe2 Qxe5+ 20. Ne4 f5 21.
dxc4 Qxe4+ 22. Kf1 b6 23. Re1 Qxc4+ 24. Re2 Bb7 25.
Rh3 Rd8 26. f3 Bc5 27. f4 Rd1# 0-1

[Event "*** MasterClass Titled Tuesday Blitz"]
[Site "Chess.com"]
[Date "2017.12.05"]
[Round "1"]
[White "Blitzstream"]
[Black "ChessChronicles123"]
[Result "1-0"]
[WhiteElo "2508"]
[BlackElo "1921"]
[TimeControl "180+2"]
[EndTime "14:19:47 PST"]
[Termination "Blitzstream won by resignation"]

1. g4 c5 2. Bg2 d5 3. c4 Nc6 4.
cxd5 Nb4 5. Nc3 Bxg4 6. a3 Na6 7. d6 Rb8 8. dxe7 Bxe7 9. Qa4+ Qd7 10. Qxd7+ Bxd7 11. Nf3 Nf6 12. Ne5 Be6 13. d3 O-O 14. Be3 Bd6 15.
Nc4 Bc7 16. Nb5 Bxc4 17. dxc4 Bd8 18. O-O-O Be7 19. Nxa7 b6 20. Nc6 Rb7 21. Bf4 Re8 22.
Rd3 Nh5 23. Be3 Rc7 24. Rhd1 Nb8 25. Nxb8 Rxb8 26. Bf3 Nf6 27. Bf4 Rd8 1-0

[Event "*** MasterClass Titled Tuesday Blitz"]
[Site "Chess.com"]
[Date "2017.12.05"]
[Round "1"]
[White "larso"]
[Black "NICOLASXD117"]
[Result "1-0"]
[WhiteElo "2364"]
[BlackElo "1119"]
[TimeControl "180+2"]
[EndTime "14:19:49 PST"]
[Termination "larso won by checkmate"]

1. e4 e5 2. d4 d6 3. Nf3 Nc6 4. d5 Nd4 5. Nxd4 exd4 6. Qxd4 Bd7 7. Nc3 Nf6 8. Be2 Be7 9. O-O O-O 10. Re1 b6 11. e5 Ng4 12. e6 Bf6 13. Qxg4 Qb8 14.
exd7 Qd8 15. Bb5 a6 16. Bc6 Ra7 17. Re8 Bxc3 18. bxc3 Qf6 19. Bh6 Qxh6 20. Rxf8+ Kxf8 21. d8=Q# 1-0

[Event "*** MasterClass Titled Tuesday Blitz"]
[Site "Chess.com"]
[Date "2017.12.05"]
[Round "1"]
[White "ArnaudovP"]
[Black "MasterBlitz83"]
[Result "1-0"]
[WhiteElo "2435"]
[BlackElo "1392"]
[TimeControl "180+2"]
[EndTime "14:19:52 PST"]
[Termination "ArnaudovP won by resignation"]

1. Nf3 Nf6 2. c4 g6 3. Nc3 Bg7 4. e4 d6 5. d4 O-O 6. h3 e5 7. d5 Na6 8. Be3 Nc5 9. Nd2 c6 10.
Be2 cxd5 11. cxd5 Bd7 12. O-O Ne8 13. b4 Na6 14. Qb3 Nac7 15. b5 Kh8 16. a4 f5 17.
f3 f4 18. Bf2 Nf6 19. a5 Nh5 20. b6 Na6 21. Bxa6 bxa6 22. b7 Rb8 23. Rfb1 Qg5 24. Kh2 Ng3 25. Qc4 Bb5 26. Nxb5 axb5 27. Rxb5 a6 28.
Rb6 Rf7 29. Rab1 Bf8 30. Qxa6 Be7 31. Qc4 Rg7 32. a6 Bd8 33. a7 1-0

[Event "*** MasterClass Titled Tuesday Blitz"]
[Site "Chess.com"]
[Date "2017.12.05"]
[Round "1"]
[White "nurmiTV"]
[Black "HolyInquisitor0001"]
[Result "1-0"]
[WhiteElo "2474"]
[BlackElo "1642"]
[TimeControl "180+2"]
[EndTime "14:19:53 PST"]
[Termination "nurmiTV won by resignation"]

1. c4 e5 2. Nc3 Nf6 3. g3 Nc6 4. Bg2 Bb4 5. Nd5 Be7 6. e3 O-O 7. Ne2 d6 8. O-O Nxd5 9. cxd5 Nb8 10. d4 c6 11. e4 cxd5 12. exd5 Nd7 13. Be3 Qa5 14.
a3 exd4 15. Nxd4 Bf6 16. b4 Qd8 17. Rc1 Re8 18. Nb5 Rf8 19. Nxd6 a6 20. Qd2 Ne5 21. Ne4 Bf5 22. Nxf6+ Qxf6 23. Bd4 Qd6 24. Qf4 1-0